 Dungeon Crawl Stone Soup version 0.20-a0-273-g531f2bb (webtiles) character file.

4646 AlphabetPasta the Arsonist (level 10, -3/73 HPs)
             Began as a Hill Orc Fire Elementalist on Dec 10, 2016.
             Was a Believer of Vehumet.
             Slain by a centaur (9 damage)
             ... on level 8 of the Dungeon.
             The game lasted 00:52:42 (10411 turns).

AlphabetPasta the Arsonist (HOFE)                  Turns: 10411, Time: 00:52:42

Health: -3/73      AC:  5    Str: 12    XL:     10   Next: 43%
Magic:  13/18      EV: 12    Int: 18    God:    Vehumet [**....]
Gold:   336        SH:  0    Dex: 11    Spells: 9/20 levels left

rFire  . . .     SeeInvis .     h - +4 halberd
rCold  . . .     Gourm    .     a - +1 robe
rNeg   . . .     Faith    .     (shield currently unavailable)
rPois  +         Spirit   .     j - +0 helmet
rElec  .         Reflect  .     A - +0 cloak {rPois}
rCorr  +         Harm     .     (no gloves)
MR     .....                    (no boots)
Stlth  ++........               (no amulet)
                                (no ring)
                                m - ring of resist corrosion

@: no status effects
A: no striking features
a: Renounce Religion


You were on level 8 of the Dungeon.
You worshipped Vehumet.
Vehumet was pleased with you.
You were not hungry.

You visited 2 branches of the dungeon, and saw 10 of its levels.

You collected 421 gold pieces.
You spent 85 gold pieces at shops.

Inventory:

Hand Weapons
 h - a +4 halberd (weapon)
Armour
 a - a +1 robe (worn)
 j - a +0 helmet (worn)
 p - a +0 buckler
 t - a +0 cloak
 A - a +0 cloak of poison resistance (worn)
Jewellery
 k - an uncursed ring of ice
 m - a ring of resist corrosion (left hand)
Wands
 q - a wand of paralysis (9/24)
Scrolls
 i - 2 scrolls of fog
 l - a scroll of enchant armour
 n - 6 scrolls of recharging
 r - a scroll of remove curse
 w - 3 scrolls of teleportation
 y - a scroll of magic mapping
Potions
 d - 11 potions of curing
 e - 2 potions of cancellation
 s - a potion of haste
 u - 2 potions of flight
 v - a potion of brilliance
 z - 2 potions of ambrosia
Books
 b - a book of Flames

   Spells                             Type                      Level
   a - Flame Tongue                   Conjuration/Fire             1
   b - Throw Flame                    Conjuration/Fire             2
   c - Conjure Flame                  Conjuration/Fire             3
   d - Inner Flame                    Hexes/Fire                   3
   e - Sticky Flame                   Conjuration/Fire             4
   f - Fireball                       Conjuration/Fire             5
Comestibles
 c - 9 bread rations
 g - 8 beef jerkies
 o - 4 meat rations
 x - a fruit


   Skills:
 - Level 2.1 Fighting
 - Level 4.1 Polearms
 + Level 1.2 Armour
 - Level 2.0 Dodging
 - Level 1.5 Stealth
 - Level 2.5 Shields
 * Level 5.6 Spellcasting
 + Level 6.1 Conjurations
 * Level 10.2 Fire Magic
 * Level 5.0 Earth Magic


You had 9 spell levels left.
You knew the following spells:

 Your Spells              Type           Power        Failure   Level  Hunger
a - Flame Tongue          Conj/Fire      ####.        1%          1    None
b - Throw Flame           Conj/Fire      ####..       1%          2    None
c - Conjure Flame         Conj/Fire      ####....     1%          3    ##.....
d - Sticky Flame          Conj/Fire      ####....     4%          4    ####...
e - Sandblast             Erth           ###...       1%          1    None


Dungeon Overview and Level Annotations

Branches:
Dungeon (9/15)             Temple (1/1) D:5
   Lair: D:8-11         Orc: D:9-12

Altars:
Ashenzari
Cheibriados
Dithmenos
Elyvilon
Fedhas
Gozag
Hepliaklqana
Kikubaaqudgha
Makhleb
Nemelex Xobeh
Okawaru
Qazlal
Ru
Sif Muna
Trog
Uskayaw
Vehumet
Xom
Yredelemnul
Zin
The Shining One

Shops:
D:8 *


Message History

Aiming: Throw Flame
Press: ? - help, Shift-Dir - straight line, f/p - centaur
Aim: a centaur, wielding a shortbow of freezing (lightly wounded)
The puff of flame hits the centaur.
The centaur is heavily wounded.
The centaur shoots an arrow.
The arrow hits you!
* * * LOW HITPOINT WARNING * * *
The arrow freezes you.
* * * LOW HITPOINT WARNING * * *
You feel better.
The centaur shoots an arrow.
The arrow completely misses you.
Casting: Throw Flame
Confirm with . or Enter, or press ? or * to list all spells.
Aiming: Flame Tongue
Press: ? - help, Shift-Dir - straight line, f/p - centaur
Aim: a centaur, wielding a shortbow of freezing (heavily wounded)
The flame tongue hits the centaur.
The centaur is severely wounded.
The centaur unwields an uncursed shortbow of freezing.
The centaur hits you!
You die...

....#.....##...#.....<#########..
....#.....#....#......#..........
....#.....#....#......#..........
....#.....#....#(.....#..........
....#.....#....#......#..........
..).#.....#....#..>...#.......>..
....#.....#....'.(....#..........
.)..#.....#....#(.....#..........
#'###.....######@.....#.##.####..
..#.............c.##'##.##.######
..#...............#..............
..#...............#..............
..#...............#..............
..#...............#..............
..'...............#.....##...##..
..#...............#.....##...####
'##...............###...##...##..


You could see a centaur.

Vanquished Creatures
  Erica (D:8)
  Prince Ribbit (D:5)
  2 yaks (D:9)
  Grum (D:8)
  Edmund (D:5)
  2 orc warriors (D:8)
  A phantom (D:9)
  An ice beast (D:8)
  A sky beast (D:9)
  2 wolves (D:8)
  An ogre (D:7)
  3 centaurs
  A crocodile (D:7)
  3 big kobolds
  3 bullfrogs
  2 scorpions
  A water moccasin skeleton (D:8)
  3 wights (D:4)
  3 howler monkeys (D:8)
  2 crimson imps
  A centaur zombie (D:5)
  3 jellies
  4 hounds
  8 orc priests
  Crazy Yiuf (D:5)
  A bullfrog skeleton (D:6)
  2 iguanas
  12 orc wizards
  4 worker ants
  A howler monkey zombie (D:5)
  A worker ant zombie (D:8)
  8 gnolls
  3 river rats (D:5)
  4 adders
  A shadow imp (D:6)
  4 oozes
  3 adder zombies
  5 worms
  6 dart slugs
  5 leopard geckos
  32 orcs
  7 giant cockroaches
  12 goblins
  7 hobgoblins
  2 jackals (D:1)
  A quokka (D:3)
  A ball python (D:2)
  11 bats
  4 frilled lizards
  A jackal skeleton (D:5)
  24 kobolds
  7 rats
221 creatures vanquished.

Vanquished Creatures (others)
  A kobold (D:7)
1 creature vanquished.

Grand Total: 222 creatures vanquished

Notes
Turn   | Place    | Note
-------+----------+-------------------------------------------
     0 | D:1      | AlphabetPasta the Hill Orc Fire Elementalist began the quest for the Orb.
     0 | D:1      | Reached XP level 1. HP: 14/14 MP: 3/3
   192 | D:1      | Reached XP level 2. HP: 16/20 MP: 0/4
   609 | D:1      | Reached skill level 4 in Fire Magic
   613 | D:1      | Learned a level 2 spell: Throw Flame
   644 | D:1      | Reached XP level 3. HP: 26/26 MP: 3/6
   649 | D:1      | Learned a level 3 spell: Conjure Flame
   799 | D:1      | Found a glowing golden altar of the Shining One.
  1284 | D:2      | Reached XP level 4. HP: 20/33 MP: 1/7
  1880 | D:2      | Reached skill level 5 in Fire Magic
  2002 | D:2      | Reached XP level 5. HP: 38/38 MP: 3/8
  2557 | D:3      | Found a snail-covered altar of Cheibriados.
  2849 | D:3      | Found a faded altar of an unknown god.
  3454 | D:3      | Reached skill level 1 in Polearms
  3454 | D:3      | Reached XP level 6. HP: 31/45 MP: 2/9
  3856 | D:3      | Reached skill level 6 in Fire Magic
  4098 | D:4      | Reached XP level 7. HP: 20/50 MP: 1/11
  4286 | D:4      | Found a shattered altar of Ashenzari.
  4407 | D:3      | Learned a level 4 spell: Sticky Flame
  4924 | D:4      | Reached skill level 7 in Fire Magic
  5057 | D:4      | Reached XP level 8. HP: 57/57 MP: 6/13
  5230 | D:5      | Entered Level 5 of the Dungeon
  5420 | D:5      | Noticed Edmund
  5441 | D:5      | Killed Edmund
  5649 | D:5      | Found a staircase to the Ecumenical Temple.
  5671 | Temple   | Entered the Ecumenical Temple
  5769 | Temple   | Became a worshipper of Vehumet
  5905 | D:5      | Found a runed door.
  5909 | D:5      | Noticed Crazy Yiuf
  5917 | D:5      | Killed Crazy Yiuf
  6094 | D:5      | Noticed Prince Ribbit
  6101 | D:5      | Killed Prince Ribbit
  6101 | D:5      | Reached skill level 8 in Fire Magic
  6891 | D:6      | Learned a level 4 spell: Petrify
  7132 | D:6      | Reached XP level 9. HP: 60/62 MP: 9/15
  7214 | D:7      | Reached * piety under Vehumet
  7214 | D:7      | Offered knowledge of Shock by Vehumet.
  7348 | D:7      | Reached skill level 1 in Fighting
  7348 | D:7      | Reached skill level 5 in Conjurations
  7348 | D:7      | Reached skill level 1 in Earth Magic
  7973 | D:7      | Reached skill level 9 in Fire Magic
  8246 | D:8      | Noticed Grum
  8255 | D:8      | Killed Grum
  8740 | D:8      | Reached skill level 1 in Shields
  9082 | D:8      | Offered knowledge of Sandblast by Vehumet.
  9083 | D:8      | Reached ** piety under Vehumet
  9083 | D:8      | Reached skill level 5 in Spellcasting
  9259 | D:8      | Found a white marble altar of Elyvilon.
  9361 | D:8      | Noticed Erica
  9375 | D:8      | Killed Erica
  9375 | D:8      | Reached XP level 10. HP: 35/73 MP: 1/18
  9486 | D:8      | Learned a level 1 spell: Sandblast
  9714 | D:8      | Found Zosocrao's General Store.
  9716 | D:8      | Bought a +0 cloak of poison resistance for 85 gold pieces
  9941 | D:9      | Reached skill level 10 in Fire Magic
 10234 | D:9      | Reached skill level 1 in Armour
 10350 | D:8      | Reached skill level 5 in Earth Magic
 10409 | D:8      | HP: 1/73 [centaur/arrow (4)]
 10411 | D:8      | Slain by a centaur

Vault maps used:
D:1:      dpeg_arrival_arbitrary_c, serial_park_tiny_1, dk_noncrumbling_2,
          tso_altar
D:2:      minmay_diamond_boxcup, minmay_tetromino_s2
D:3:      chequers_ecumenical_altar_simple_redux, first_bread,
          cheibriados_altar_1
D:4:      ashenzari_altar_1
D:5:      wad_woods_settlement, uniq_edmund, uniq_prince_ribbit1,
          uniq_crazy_yiuf_cottage
D:7:      grunt_ogre_cave
D:8:      basic_altar, serial_shops, shop, uniq_grum, uniq_erica
D:9:      makhleb_blood_cavern_becter
Temple:   regret_index_temple_chain_breaker

Skill      XL: |  1  2  3  4  5  6  7  8  9 10 |
---------------+-------------------------------+-----
Spellcasting   | 2 3 4 5 |  5.6
Fire Magic     | 4 5 6 7 8 9 10 | 10.2
Conjurations   | 2 3 4 5 6 |  6.1
Polearms       | 1 2 3 4 |  4.1
Dodging        | 2 |  2.0
Fighting       | 2 |  2.1
Earth Magic    | 4 5 |  5.0
Shields        | 2 |  2.5
Armour         | 1 |  1.2
Stealth        | |  1.5

Action                   |  1- 3 |  4- 6 |  7- 9 | 10-12 || total
-------------------------+-------+-------+-------+-------++-------
Melee: Unarmed           |    31 |       |       |       ||    31
       Halberd           |     5 |    40 |    92 |    21 ||   158
 Cast: Flame Tongue      |    51 |   135 |   211 |    49 ||   446
       Throw Flame       |     3 |     7 |    22 |     4 ||    36
       Sticky Flame      |       |       |    22 |     4 ||    26
  Use: Scroll            |     3 |     5 |    15 |     2 ||    25
       Potion            |       |     4 |     7 |     1 ||    12
 Stab: Sleeping          |       |     8 |     2 |       ||    10
  Eat: Chunk             |     2 |    11 |    11 |     3 ||    27
       Pizza             |       |       |     2 |       ||     2
       Meat ration       |       |       |     1 |       ||     1
       Fruit             |       |       |     1 |     1 ||     2
Armor: Robe              |     8 |    24 |    33 |     6 ||    71
Dodge: Dodged            |    42 |    76 |   141 |    20 ||   279
